[Event "Portuguese-ch U14-20 2022"]
[Site "Fatima"]
[Date "2022.04.11"]
[Round "2.33"]
[White "Marques, Afonso Mendes Pereir"]
[Black "Cordeiro, Joao Pedro Pereira"]
[Result "1-0"]
[ECO "C44"]
[WhiteElo "1550"]
[BlackElo "1178"]
[Annotator "NA RC"]
[PlyCount "105"]
[EventDate "2022.04.10"]
[EventType "swiss"]
[EventCountry "POR"]
[SourceTitle "playchess.com"]
[Source "ChessBase"]
[SourceQuality "1"]
[TimeControl "5400+30"]

1. e4 e5 2. Nf3 Nc6 3. d4 exd4 4. Bc4 d6 5. Nxd4 Nxd4 6. Qxd4 Qf6 7. Qd3 Be6 8. Nc3 Bxc4 9. Qxc4 c6 10. O-O Qe6 11. Qb3 Qxb3 12. axb3 Nf6 13. Re1 Nd7 14. Bf4 Ne5 15. Bg3 h5 16. f4 h4 17. Bf2 Ng4 18. Rxa7 Rxa7 19. Bxa7 f6 20. Bb6 Rh5 21. h3 Nh6 22. Ra1 d5 23. exd5 cxd5 24. Rd1 Kd7 25. Bf2 Kc6 26. Re1 Bd6 27. Ne2 Nf5 28. Rd1 Rh8 29. Nc3 Ne7 30. f5 Be5 31. Bd4 Bg3 32. Bf2 Bxf2+ 33. Kxf2 Rh5 34. Ne2 Nxf5 35. Nf4 Rh8 36. Nxd5 Re8 37. Nf4 Ng3 38. Rd4 g5 39. Rc4+ Kd6 40. Nd3 f5 41. Rd4+ Kc6 42. Nc1 Re5 43. Kf3 b5 44. c4 b4 45. Nd3 Re2 46. Rd5 Re8 47. Nxb4+ Kc7 48. Nd3 Rf8 49. b4 Ne4 50. Ke3 Re8 51. Re5 Rf8 52. Nc5 Nd6 53. Ne6+ 1-0

[Event "Portuguese-ch U14-20 2022"]
[Site "Fatima"]
[Date "2022.04.11"]
[Round "2.34"]
[White "Mendes, Simao Pedro Garcia"]
[Black "Areal, Maria Beatriz Moura"]
[Result "0-1"]
[ECO "A58"]
[WhiteElo "1147"]
[BlackElo "1343"]
[Annotator "NA RC"]
[PlyCount "110"]
[EventDate "2022.04.10"]
[EventType "swiss"]
[EventCountry "POR"]
[SourceTitle "playchess.com"]
[Source "ChessBase"]
[SourceQuality "1"]
[TimeControl "5400+30"]

1. d4 Nf6 2. c4 c5 3. d5 b5 4. cxb5 a6 5. bxa6 Bxa6 6. Nf3 d6 7. g3 g6 8. Bg2 Bg7 9. O-O O-O 10. Nc3 Nbd7 11. Re1 Qa5 12. Bd2 Rfb8 13. Rb1 Ne8 14. a3 Nc7 15. e4 Bd3 16. b4 Qxa3 17. Rb3 Qa7 18. bxc5 Rxb3 19. Qxb3 Nxc5 20. Qd1 Rb8 21. Bf1 N7a6 22. Bxd3 Nxd3 23. Re3 Nac5 24. Ne1 Nb2 25. Qe2 Bh6 26. Rf3 Bxd2 27. Qxd2 Nc4 28. Qd4 Ne5 29. Re3 Qa5 30. Re2 Nf3+ 31. Nxf3 Nb3 32. Qc4 Nc1 33. Rc2 Nb3 34. Ra2 Qd8 35. Rb2 Nc5 36. Rxb8 Qxb8 37. Qb5 Qa8 38. Qb2 Qa7 39. Kg2 Nd3 40. Qd2 Nc5 41. Ne1 Qb7 42. Nd3 Nd7 43. f4 Qb6 44. Ne2 Qa7 45. Qc2 Kg7 46. Nb4 Nc5 47. Nc6 Qb7 48. Qc3+ Kg8 49. Qb4 Qa6 50. Nc3 Qd3 51. Kh3 Qf1+ 52. Kh4 Qg2 53. h3 Qf3 54. Qb8+ Kg7 55. Nxe7 Qh5# 0-1

[Event "Portuguese-ch U14-20 2022"]
[Site "Fatima"]
[Date "2022.04.11"]
[Round "2.35"]
[White "Azevedo Junior, Joao Nunes"]
[Black "Moldovan, Andre Dragos"]
[Result "1/2-1/2"]
[ECO "C54"]
[WhiteElo "1831"]
[BlackElo "1369"]
[Annotator "NA RC"]
[PlyCount "65"]
[EventDate "2022.04.10"]
[EventType "swiss"]
[EventCountry "POR"]
[SourceTitle "playchess.com"]
[Source "ChessBase"]
[SourceQuality "1"]
[TimeControl "5400+30"]

1. e4 e5 2. Nf3 Nc6 3. Bc4 Bc5 4. c3 Nf6 5. d3 d6 6. b4 Bb6 7. a4 a6 8. Qb3 O-O 9. h3 h6 10. Nbd2 Ne7 11. Nf1 Ng6 12. Ne3 Ba7 13. O-O Nh5 14. Kh2 Nhf4 15. b5 a5 16. Nd5 Be6 17. Nxf4 Bxc4 18. Qxc4 Nxf4 19. Be3 Bb6 20. g3 Ne6 21. Bxb6 cxb6 22. d4 exd4 23. cxd4 Rc8 24. Qd3 Qd7 25. Rac1 Rxc1 26. Rxc1 Rc8 27. Qe3 Rxc1 28. Qxc1 Qe7 29. Kg2 f6 30. Qc4 Kh7 31. Qd3 Kg8 32. Qc4 Kh7 33. Qd3 1/2-1/2

[Event "Portuguese-ch U14-20 2022"]
[Site "Fatima"]
[Date "2022.04.11"]
[Round "2.36"]
[White "Fernandes, Tiago Joao Carneiro"]
[Black "Cabral, Francisco Manuel N V"]
[Result "1/2-1/2"]
[ECO "B13"]
[WhiteElo "1336"]
[BlackElo "1121"]
[Annotator "NA RC"]
[PlyCount "70"]
[EventDate "2022.04.10"]
[EventType "swiss"]
[EventCountry "POR"]
[SourceTitle "playchess.com"]
[Source "ChessBase"]
[SourceQuality "1"]
[TimeControl "5400+30"]

1. e4 c6 2. d4 d5 3. exd5 cxd5 4. c4 Nf6 5. Nc3 Bf5 6. Nf3 e6 7. Bf4 Be7 8. Be2 dxc4 9. Bxc4 Qb6 10. Bb3 Qa6 11. Ba4+ Nc6 12. Nb5 Bb4+ 13. Nd2 Bxd2+ 14. Bxd2 Qb6 15. Nd6+ Ke7 16. Nxf5+ exf5 17. Bc3 Rhe8 18. O-O Rad8 19. Re1+ Kf8 20. Rxe8+ Rxe8 21. d5 Rd8 22. d6 Ne4 23. Qe1 Rxd6 24. Bxc6 Rxc6 25. Bb4+ Kg8 26. Rd1 Rc2 27. Rd2 Rxd2 28. Bxd2 Qxb2 29. Bf4 Qc3 30. Qd1 g5 31. Be3 f6 32. Qd8+ Kg7 33. Qe7+ Kg8 34. Qe8+ Kg7 35. Qe7+ Kg8 1/2-1/2

[Event "Portuguese-ch U14-20 2022"]
[Site "Fatima"]
[Date "2022.04.11"]
[Round "2.37"]
[White "Caturra, Rafael Dias"]
[Black "Cabral, Guilherme"]
[Result "1/2-1/2"]
[ECO "A17"]
[WhiteElo "1086"]
[BlackElo "1210"]
[Annotator "NA RC"]
[PlyCount "73"]
[EventDate "2022.04.10"]
[EventType "swiss"]
[EventCountry "POR"]
[SourceTitle "playchess.com"]
[Source "ChessBase"]
[SourceQuality "1"]
[TimeControl "5400+30"]

1. c4 e6 2. Nc3 Nf6 3. g3 Bb4 4. Bg2 O-O 5. Nf3 d5 6. cxd5 Nxd5 7. O-O c5 8. Nxd5 Qxd5 9. d3 Nc6 10. Bd2 Bxd2 11. Qxd2 b6 12. Nd4 Qxd4 13. Bxc6 Rb8 14. a3 Bb7 15. Bxb7 Rxb7 16. Qc3 Rc7 17. Rfc1 Rfc8 18. Rc2 h6 19. Rac1 Qd6 20. Qd2 c4 21. dxc4 Qxd2 22. Rxd2 Rxc4 23. Rxc4 Rxc4 24. e3 Rc7 25. Kg2 Kh7 26. Kf3 Kg6 27. h3 Kf5 28. g4+ Ke5 29. h4 f6 30. e4 g6 31. Ke3 f5 32. f4+ Kf6 33. exf5 exf5 34. g5+ hxg5 35. hxg5+ Ke7 36. Kf3 Rc6 37. Ke3 1/2-1/2

[Event "Portuguese-ch U14-20 2022"]
[Site "Fatima"]
[Date "2022.04.11"]
[Round "3.1"]
[White "Ribeiro, Orlando"]
[Black "Martins, Bruno Andre Leite"]
[Result "0-1"]
[ECO "B33"]
[WhiteElo "1945"]
[BlackElo "2323"]
[Annotator "RC"]
[PlyCount "92"]
[EventDate "2022.04.10"]
[EventType "swiss"]
[EventCountry "POR"]
[SourceTitle "playchess.com"]
[Source "ChessBase"]
[SourceQuality "1"]
[TimeControl "5400+30"]

1. e4 c5 2. Nf3 Nc6 3. d4 cxd4 4. Nxd4 Nf6 5. Nc3 e6 6. g3 a6 7. Bg2 Qc7 8. O-O h5 9. h3 h4 10. g4 Bc5 11. Nb3 Ba7 12. Qe2 Ne5 13. Bf4 Nh7 14. Kh1 g5 15. Bh2 d6 16. Rad1 Qe7 17. Qd2 Bb8 18. Na4 Bc7 19. Qb4 b5 20. Bxe5 dxe5 21. Nac5 Nf8 22. c4 Bd7 23. Qc3 Bc6 24. cxb5 Bxb5 25. Rfe1 Ng6 26. Bf1 Bd6 27. Bxb5+ axb5 28. Qd3 Bxc5 29. Qxb5+ Kf8 30. Nxc5 Kg7 31. Rd7 Qf6 32. Qe2 Rxa2 33. Rc1 Rha8 34. Nd3 Ra1 35. Rdc7 Nf4 36. Nxf4 exf4 37. e5 Qd8 38. Kh2 Qd4 39. R7c4 Qd5 40. Rc5 Qd4 41. R5c4 Qb6 42. Rc6 Qb8 43. Rc7 Rxc1 44. Rxc1 Ra5 45. b4 Qxb4 46. Re1 Ra3 0-1

[Event "Portuguese-ch U14-20 2022"]
[Site "Fatima"]
[Date "2022.04.11"]
[Round "3.2"]
[White "Machado, Tomas Dias"]
[Black "Monteiro, Paulo Alexandre G"]
[Result "1/2-1/2"]
[ECO "B70"]
[WhiteElo "2030"]
[BlackElo "2032"]
[Annotator "RC"]
[PlyCount "115"]
[EventDate "2022.04.10"]
[EventType "swiss"]
[EventCountry "POR"]
[SourceTitle "playchess.com"]
[Source "ChessBase"]
[SourceQuality "1"]
[TimeControl "5400+30"]

1. e4 c5 2. Nf3 d6 3. d4 cxd4 4. Nxd4 Nf6 5. Nc3 g6 6. Bc4 Bg7 7. Bb3 O-O 8. h3 Nc6 9. Be3 Na5 10. O-O b6 11. f4 Bb7 12. Qd3 Nxb3 13. axb3 a6 14. b4 b5 15. Nb3 Rc8 16. Na5 Ba8 17. Bd4 Nd7 18. Bxg7 Kxg7 19. Qd4+ Kg8 20. Rad1 Qb6 21. Kh2 Rfd8 22. Qxb6 Nxb6 23. Rd4 Na4 24. Nxa4 bxa4 25. Nc4 e5 26. fxe5 dxe5 27. Rxd8+ Rxd8 28. c3 Bxe4 29. Ra1 Bc2 30. Nb6 Rd2 31. Nxa4 Be4 32. Rg1 Bc6 33. b3 Rc2 34. c4 Bxa4 35. bxa4 Rxc4 36. Rb1 Kf8 37. b5 axb5 38. axb5 Rc7 39. Kg3 Rb7 40. b6 Ke7 41. Kf3 Kd6 42. g4 f5 43. gxf5 gxf5 44. h4 Kc5 45. Re1 Re7 46. b7 e4+ 47. Kf4 Rxb7 48. Kxf5 Rf7+ 49. Ke5 Re7+ 50. Kf6 Re8 51. Kf7 Re5 52. Kf6 Re8 53. Kf7 Re5 54. Kf6 Kd6 55. Rd1+ Rd5 56. Re1 Rd4 57. Kf5 Kd5 58. h5 1/2-1/2

[Event "Portuguese-ch U14-20 2022"]
[Site "Fatima"]
[Date "2022.04.11"]
[Round "3.3"]
[White "Leao, Tiago Miguel Da Silv"]
[Black "Santos, Jose Miguel Sereno"]
[Result "1/2-1/2"]
[ECO "A06"]
[WhiteElo "2131"]
[BlackElo "1843"]
[Annotator "RC"]
[PlyCount "36"]
[EventDate "2022.04.10"]
[EventType "swiss"]
[EventCountry "POR"]
[SourceTitle "playchess.com"]
[Source "ChessBase"]
[SourceQuality "1"]
[TimeControl "5400+30"]

1. Nf3 d5 2. b3 Bf5 3. Bb2 Nf6 4. e3 Nbd7 5. c4 e6 6. Nc3 c6 7. Be2 Nc5 8. d4 Nce4 9. Nxe4 Nxe4 10. a3 Bd6 11. O-O O-O 12. Nd2 f6 13. Nxe4 Bxe4 14. Bd3 Bg6 15. Bxg6 hxg6 16. f4 f5 17. Qe2 Kf7 18. g3 Rh8 1/2-1/2

[Event "Portuguese-ch U14-20 2022"]
[Site "Fatima"]
[Date "2022.04.11"]
[Round "3.4"]
[White "Maciel, Rafael"]
[Black "Voges, Guilherme"]
[Result "1/2-1/2"]
[ECO "B08"]
[WhiteElo "1665"]
[BlackElo "1657"]
[Annotator "NA RC"]
[PlyCount "101"]
[EventDate "2022.04.10"]
[EventType "swiss"]
[EventCountry "POR"]
[SourceTitle "playchess.com"]
[Source "ChessBase"]
[SourceQuality "1"]
[TimeControl "5400+30"]

1. e4 g6 2. d4 Bg7 3. Nf3 d6 4. h3 Nf6 5. Nc3 O-O 6. Bc4 Nxe4 7. Nxe4 d5 8. Bxd5 Qxd5 9. Nc3 Qd8 10. Be3 Nc6 11. O-O Bf5 12. Qd2 e5 13. Nxe5 Nxe5 14. dxe5 Qxd2 15. Bxd2 Bxe5 16. Rfe1 Rad8 17. Bg5 f6 18. Rxe5 fxe5 19. Bxd8 Rxd8 20. Re1 Rd2 21. Rxe5 Rxc2 22. Re2 Rc1+ 23. Kh2 Kf7 24. Kg3 a6 25. Nd5 Be6 26. Nb4 Rd1 27. a3 Bf5 28. Na2 Bd3 29. Re3 Rd2 30. Nc3 Bf5 31. Re2 Rd6 32. Na4 b6 33. Nc3 c5 34. Kf3 Kf6 35. Ne4+ Bxe4+ 36. Kxe4 Re6+ 37. Kf3 Rxe2 38. Kxe2 Ke5 39. Ke3 g5 40. g3 b5 41. f4+ gxf4+ 42. gxf4+ Kf5 43. Kf3 h5 44. h4 b4 45. axb4 cxb4 46. b3 a5 47. Ke3 Kf6 48. Ke4 Ke6 49. Kd4 Kf5 50. Ke3 Kf6 51. Ke4 1/2-1/2

[Event "Portuguese-ch U14-20 2022"]
[Site "Fatima"]
[Date "2022.04.11"]
[Round "3.5"]
[White "Oliveira, Beatriz Correia"]
[Black "Cunha, Alexandre Rodrigo Vi"]
[Result "1/2-1/2"]
[ECO "D43"]
[WhiteElo "1558"]
[BlackElo "1603"]
[Annotator "NA RC"]
[PlyCount "112"]
[EventDate "2022.04.10"]
[EventType "swiss"]
[EventCountry "POR"]
[SourceTitle "playchess.com"]
[Source "ChessBase"]
[SourceQuality "1"]
[TimeControl "5400+30"]

1. d4 d5 2. c4 c6 3. Nc3 e6 4. Nf3 Nf6 5. Bg5 h6 6. Bh4 Be7 7. e3 Nbd7 8. Bd3 O-O 9. O-O Qc7 10. Rc1 Re8 11. cxd5 Nxd5 12. Bg3 Nxc3 13. Rxc3 Bd6 14. Bxd6 Qxd6 15. a3 Kh8 16. Bb1 Qe7 17. Qc2 g6 18. Rc1 e5 19. dxe5 Nxe5 20. Nxe5 Qxe5 21. Qb3 Qe7 22. Rd1 Be6 23. Qa4 Red8 24. Rcd3 a6 25. Qa5 Rxd3 26. Bxd3 Rd8 27. Qc3+ Kg8 28. Bc2 Rxd1+ 29. Bxd1 Bd5 30. Qd4 Qe4 31. Qxe4 Bxe4 32. f3 Bd5 33. Kf2 h5 34. e4 Be6 35. Ke3 c5 36. e5 b5 37. Kd3 Kf8 38. h3 Ke7 39. f4 a5 40. Ke4 Kd7 41. g4 hxg4 42. hxg4 Kc6 43. f5 gxf5+ 44. gxf5 Bd5+ 45. Kf4 b4 46. Ba4+ Kc7 47. axb4 axb4 48. Bc2 b3 49. Bb1 Kc6 50. Kg5 c4 51. Kf6 c3 52. bxc3 Kc5 53. Bd3 b2 54. e6 fxe6 55. fxe6 Bxe6 56. Kxe6 b1=Q 1/2-1/2

[Event "Portuguese-ch U14-20 2022"]
[Site "Fatima"]
[Date "2022.04.11"]
[Round "3.7"]
[White "Marques, Joao Goncalo B A"]
[Black "Gage, Daniel"]
[Result "0-1"]
[ECO "B48"]
[WhiteElo "1418"]
[BlackElo "1752"]
[Annotator "NA RC"]
[PlyCount "64"]
[EventDate "2022.04.10"]
[EventType "swiss"]
[EventCountry "POR"]
[SourceTitle "playchess.com"]
[Source "ChessBase"]
[SourceQuality "1"]
[TimeControl "5400+30"]

1. e4 c5 2. Nf3 e6 3. d4 cxd4 4. Nxd4 Nc6 5. Nc3 Qc7 6. Be3 a6 7. Qf3 Ne5 8. Qg3 h5 9. Bf4 d6 10. Bxe5 dxe5 11. h4 b5 12. Bd3 Bb7 13. O-O Nf6 14. a3 Rh6 15. Nde2 Rg6 16. Qh3 Ng4 17. Nd1 Bc5 18. Kh1 Qe7 19. f4 Nh6 20. c4 bxc4 21. Bc2 Rg4 22. g3 Nf5 23. Qg2 Nxh4 24. Qh3 Rd8 25. Nf2 Bxf2 26. Rxf2 Rd2 27. Ba4+ Kf8 28. Qf1 Bxe4+ 29. Kh2 Nf5 30. Rd1 Rh4+ 31. gxh4 Qxh4+ 32. Qh3 Qxf2+ 0-1

[Event "Portuguese-ch U14-20 2022"]
[Site "Fatima"]
[Date "2022.04.11"]
[Round "3.8"]
[White "Rodrigues, Guilherme Eufrasio"]
[Black "Teves, Pedro"]
[Result "1-0"]
[ECO "A38"]
[WhiteElo "1171"]
[BlackElo "1390"]
[Annotator "NA RC"]
[PlyCount "69"]
[EventDate "2022.04.10"]
[EventType "swiss"]
[EventCountry "POR"]
[SourceTitle "playchess.com"]
[Source "ChessBase"]
[SourceQuality "1"]
[TimeControl "5400+30"]

1. c4 c5 2. g3 Nc6 3. Bg2 g6 4. Nc3 Bg7 5. Nf3 Nf6 6. d4 cxd4 7. Nxd4 Nxd4 8. Qxd4 O-O 9. Qd1 d6 10. O-O Rb8 11. Qc2 a6 12. b3 Be6 13. Bf4 Qd7 14. Rfd1 Rfc8 15. Rac1 b5 16. cxb5 axb5 17. Qd3 b4 18. Na4 Ne8 19. Rxc8 Qxc8 20. Rc1 Qd8 21. Be3 Bf5 22. Be4 Bxe4 23. Qxe4 d5 24. Qd3 d4 25. Bd2 Nc7 26. e4 Qd6 27. Qc4 Rb7 28. Nc5 Ra7 29. Bxb4 Rxa2 30. Nd3 Qa6 31. Qxc7 Qxd3 32. Qc8+ Bf8 33. Bxe7 h5 34. Qxf8+ Kh7 35. Bf6 1-0

[Event "Portuguese-ch U14-20 2022"]
[Site "Fatima"]
[Date "2022.04.11"]
[Round "3.9"]
[White "Lanca, Luis"]
[Black "Oliveira, Daniela Sousa"]
[Result "1-0"]
[ECO "B41"]
[WhiteElo "1316"]
[BlackElo "1272"]
[Annotator "NA RC"]
[PlyCount "68"]
[EventDate "2022.04.10"]
[EventType "swiss"]
[EventCountry "POR"]
[SourceTitle "playchess.com"]
[Source "ChessBase"]
[SourceQuality "1"]
[TimeControl "5400+30"]

1. e4 c5 2. Nf3 a6 3. d4 cxd4 4. Nxd4 e6 5. a3 b5 6. Be3 Bb7 7. f3 d6 8. Nc3 Nf6 9. Qd2 Be7 10. Be2 Nbd7 11. g4 Ne5 12. g5 Nfd7 13. h4 Nc4 14. Bxc4 bxc4 15. h5 d5 16. Ke2 Nc5 17. e5 Rb8 18. Rag1 Qb6 19. Nd1 a5 20. g6 fxg6 21. hxg6 Ba6 22. c3 h6 23. Bxh6 gxh6 24. Rxh6 Kd7 25. Rh7 Nb3 26. Qe3 Nxd4+ 27. cxd4 c3+ 28. Ke1 Rxh7 29. gxh7 cxb2 30. Rg8 Bh4+ 31. Kd2 b1=Q 32. Rg7+ Kc6 33. Qc3+ Bc4 34. Rg8 Qa2+ 1-0

[Event "Portuguese-ch U14-20 2022"]
[Site "Fatima"]
[Date "2022.04.11"]
[Round "3.10"]
[White "Abdurramane, Danial Germano"]
[Black "Pipiras, Filipa Fortuna"]
[Result "0-1"]
[ECO "D04"]
[WhiteElo "1772"]
[BlackElo "2000"]
[Annotator "RC"]
[PlyCount "64"]
[EventDate "2022.04.10"]
[EventType "swiss"]
[EventCountry "POR"]
[SourceTitle "playchess.com"]
[Source "ChessBase"]
[SourceQuality "1"]
[TimeControl "5400+30"]

1. d4 d5 2. Nf3 Nf6 3. e3 c5 4. b3 cxd4 5. exd4 Nc6 6. Bd3 Bg4 7. Bb2 e6 8. O-O Bd6 9. Nbd2 O-O 10. c4 Rc8 11. Rc1 Bf4 12. Be2 Ne4 13. cxd5 Bxf3 14. Bxf3 Nxd2 15. dxc6 Nxf3+ 16. Qxf3 Bxc1 17. Rxc1 Rxc6 18. Rxc6 bxc6 19. Qxc6 Qa5 20. g3 Qxa2 21. Qc3 Qb1+ 22. Kg2 Qe4+ 23. Kg1 Qd5 24. Ba3 Rb8 25. Qc7 Qxb3 26. Qxa7 h6 27. Qc5 Ra8 28. Bb4 Qb1+ 29. Kg2 Qe4+ 30. Kh3 Qf3 31. Qc2 Rd8 32. Bc5 Rd5 0-1

[Event "Portuguese-ch U14-20 2022"]
[Site "Fatima"]
[Date "2022.04.11"]
[Round "3.11"]
[White "Gomes, Estevao Manuel"]
[Black "Vidal Torres, Ricardo"]
[Result "1/2-1/2"]
[ECO "B40"]
[WhiteElo "2047"]
[BlackElo "2332"]
[Annotator "RC"]
[PlyCount "71"]
[EventDate "2022.04.10"]
[EventType "swiss"]
[EventCountry "POR"]
[SourceTitle "playchess.com"]
[Source "ChessBase"]
[SourceQuality "1"]
[TimeControl "5400+30"]

1. e4 c5 2. Nf3 e6 3. d4 cxd4 4. Nxd4 Nf6 5. Nc3 Nc6 6. Ndb5 Bb4 7. a3 Bxc3+ 8. Nxc3 d5 9. exd5 exd5 10. Bg5 O-O 11. Be2 d4 12. Ne4 Qa5+ 13. Bd2 Qf5 14. Nxf6+ Qxf6 15. O-O Bf5 16. Bb4 Rfe8 17. Bd3 Rad8 18. Rc1 Ne5 19. Bb5 Nc6 20. Re1 Re5 21. Ba4 Rde8 22. Qd2 Qd8 23. Qf4 Rxe1+ 24. Rxe1 Rxe1+ 25. Bxe1 Bg6 26. h3 h6 27. Bb4 Nxb4 28. axb4 Qb6 29. Bb3 Qxb4 30. Qb8+ Kh7 31. Qe8 d3 32. Bxf7 Bxf7 33. Qxf7 d2 34. Qf5+ Kg8 35. Qd5+ Kh7 36. Qf5+ 1/2-1/2

[Event "Portuguese-ch U14-20 2022"]
[Site "Fatima"]
[Date "2022.04.11"]
[Round "3.12"]
[White "Gama, Joao Tiago"]
[Black "Sismeiro, Miguel"]
[Result "0-1"]
[ECO "B12"]
[WhiteElo "1637"]
[BlackElo "2201"]
[Annotator "RC"]
[PlyCount "60"]
[EventDate "2022.04.10"]
[EventType "swiss"]
[EventCountry "POR"]
[SourceTitle "playchess.com"]
[Source "ChessBase"]
[SourceQuality "1"]
[TimeControl "5400+30"]

1. e4 c6 2. d4 g6 3. Be3 Bg7 4. Nf3 d5 5. Nc3 dxe4 6. Nxe4 Nf6 7. Nxf6+ exf6 8. Bc4 O-O 9. O-O a5 10. a4 Na6 11. c3 Nc7 12. Qd2 Bg4 13. Be2 Nd5 14. Bh6 Qd6 15. Bxg7 Kxg7 16. h3 Bd7 17. Rfe1 Rfe8 18. Bf1 b6 19. Qc2 Nf4 20. Rad1 Bf5 21. Qb3 Qc7 22. Bc4 Be4 23. Re3 Nd5 24. Bxd5 Bxd5 25. Qc2 Rxe3 26. fxe3 Re8 27. Kf2 b5 28. Nd2 Qh2 29. Nf3 Qd6 30. b3 Qe6 0-1

[Event "Portuguese-ch U14-20 2022"]
[Site "Fatima"]
[Date "2022.04.11"]
[Round "3.13"]
[White "Goncalves, Samuel Jesus P"]
[Black "Ribeiro, Rodrigo"]
[Result "0-1"]
[ECO "D11"]
[WhiteElo "1807"]
[BlackElo "1866"]
[Annotator "NA RC"]
[PlyCount "70"]
[EventDate "2022.04.10"]
[EventType "swiss"]
[EventCountry "POR"]
[SourceTitle "playchess.com"]
[Source "ChessBase"]
[SourceQuality "1"]
[TimeControl "5400+30"]

1. d4 d5 2. c4 c6 3. Nf3 Nf6 4. g3 dxc4 5. Bg2 b5 6. Ne5 Bb7 7. a4 Qc8 8. b3 c5 9. Bxb7 Qxb7 10. O-O b4 11. Nxc4 cxd4 12. Qxd4 Nc6 13. Qf4 g6 14. Bb2 Rd8 15. Rc1 Bg7 16. Qf3 Qd7 $11 17. Nbd2 O-O 18. Rd1 Nd4 19. Qd3 Qh3 20. f3 Nf5 21. Qc2 Nd5 22. Nf1 Bxb2 23. Qxb2 Nc3 24. Rd2 Nd4 25. Kf2 Qf5 26. Nfe3 Qh5 27. Kg1 f5 28. Re1 f4 29. g4 Qc5 30. Kg2 fxe3 31. Nxe3 Ne6 32. Nc4 Nf4+ 33. Kg3 Qc7 34. Kf2 Ne4+ 35. fxe4 Nd3+ 0-1

[Event "Portuguese-ch U14-20 2022"]
[Site "Fatima"]
[Date "2022.04.11"]
[Round "3.14"]
[White "Simoes, Miguel Patricio"]
[Black "Sousa, Ricardo Miguel Morai"]
[Result "1-0"]
[ECO "B11"]
[WhiteElo "2001"]
[BlackElo "2077"]
[Annotator "NA RC"]
[PlyCount "49"]
[EventDate "2022.04.10"]
[EventType "swiss"]
[EventCountry "POR"]
[SourceTitle "playchess.com"]
[Source "ChessBase"]
[SourceQuality "1"]
[TimeControl "5400+30"]

1. e4 c6 2. Nc3 d5 3. Nf3 Bg4 4. h3 Bxf3 5. Qxf3 e6 6. d4 Nf6 7. e5 Nfd7 8. Bf4 c5 9. dxc5 Bxc5 10. Qg3 Rg8 11. O-O-O Nc6 12. Bb5 a6 13. Ba4 Qa5 14. Bb3 O-O-O 15. Bd2 Qc7 16. f4 $15 Nb6 17. Rhf1 Nc4 18. Bxc4 dxc4 19. Be3 Bxe3+ 20. Qxe3 g5 21. g3 gxf4 22. gxf4 Ne7 23. Qa7 Qc6 24. Rg1 Rxg1 25. Qa8+ 1-0

[Event "Portuguese-ch U14-20 2022"]
[Site "Fatima"]
[Date "2022.04.11"]
[Round "3.15"]
[White "Pina, Tiago"]
[Black "Soares, Luis Francisco Almei"]
[Result "0-1"]
[ECO "E36"]
[WhiteElo "1938"]
[BlackElo "2000"]
[Annotator "NA RC"]
[PlyCount "114"]
[EventDate "2022.04.10"]
[EventType "swiss"]
[EventCountry "POR"]
[SourceTitle "playchess.com"]
[Source "ChessBase"]
[SourceQuality "1"]
[TimeControl "5400+30"]

1. d4 Nf6 2. c4 e6 3. Nc3 Bb4 4. Qc2 d5 5. a3 Bxc3+ 6. Qxc3 O-O 7. Bg5 Nbd7 8. e3 b6 9. cxd5 exd5 10. Nf3 h6 11. Bh4 c5 12. dxc5 (12. Bb5 $142) 12... Nxc5 13. Bxf6 Qxf6 14. Qxf6 gxf6 15. Nd4 Be6 16. f3 a5 17. Kd2 ({Better is} 17. Bb5) 17... Rfc8 18. Be2 a4 19. Rac1 Kf8 20. Rc3 Ke7 21. g4 h5 22. h3 Rh8 23. Rcc1 Rh6 24. Kc3 Kd6 $14 25. Kb4 Bd7 26. Bb5 Rah8 27. Nf5+ Bxf5 28. gxf5 Ke5 29. Rcd1 Rd8 30. Bxa4 Kxf5 31. Bc6 Ke5 32. e4 d4 33. Kb5 Rd6 34. Bd5 f5 35. f4+ Kxf4 36. Rhf1+ Ke3 37. Rxf5 d3 38. b4 Ne6 39. Rxf7 Nf4 40. Rxf4 Kxf4 41. Rxd3 Rhg6 42. a4 h4 43. a5 bxa5 44. bxa5 Rg3 45. Kc5 Ra6 46. Kd4 Rxa5 47. Be6 Ra4+ 48. Bc4 Rxd3+ 49. Kxd3 Ra3+ 50. Kd4 Rxh3 51. e5 Rh1 52. e6 Re1 53. Kd5 Kf5 54. Kd6 Kf6 55. Bb3 h3 56. Bc4 h2 57. Bd5 Rxe6+ 0-1

[Event "Portuguese-ch U14-20 2022"]
[Site "Fatima"]
[Date "2022.04.11"]
[Round "3.16"]
[White "Fonseca, Pedro Miguel Ramos"]
[Black "Asseiceiro, Lucas Teixeira"]
[Result "1-0"]
[ECO "C45"]
[WhiteElo "1788"]
[BlackElo "1580"]
[Annotator "NA RC"]
[PlyCount "47"]
[EventDate "2022.04.10"]
[EventType "swiss"]
[EventCountry "POR"]
[SourceTitle "playchess.com"]
[Source "ChessBase"]
[SourceQuality "1"]
[TimeControl "5400+30"]

1. e4 e5 2. Nf3 Nc6 3. d4 exd4 4. Nxd4 Bc5 5. Nb3 Bb6 6. Nc3 a6 7. a4 d6 8. Bc4 Nf6 9. Bg5 h6 10. Bh4 Be6 11. Nd5 Bxd5 12. Bxd5 g5 13. Bg3 Qd7 14. Qf3 Nxd5 15. exd5 Qe7+ 16. Kd2 Ne5 17. Qf5 f6 18. Rae1 Qd7 19. Qxf6 Rf8 20. Qg6+ Kd8 21. Qxh6 Qxa4 22. Qxf8+ Kd7 23. Qf5+ Kd8 24. Bxe5 1-0

[Event "Portuguese-ch U14-20 2022"]
[Site "Fatima"]
[Date "2022.04.11"]
[Round "3.17"]
[White "Bastiao, Tomas"]
[Black "Medeiros, Joao"]
[Result "1-0"]
[ECO "A16"]
[WhiteElo "1664"]
[BlackElo "1331"]
[Annotator "NA RC"]
[PlyCount "87"]
[EventDate "2022.04.10"]
[EventType "swiss"]
[EventCountry "POR"]
[SourceTitle "playchess.com"]
[Source "ChessBase"]
[SourceQuality "1"]
[TimeControl "5400+30"]

1. c4 Nf6 2. Nc3 g6 3. e4 d6 4. g3 Bg7 5. Bg2 O-O 6. Nge2 e5 7. O-O c6 8. d3 Re8 9. h3 Be6 10. f4 exf4 11. Nxf4 Nbd7 12. Qc2 Nb6 13. a4 a5 14. Qb3 Nfd7 15. Be3 Be5 16. Rae1 Qc7 17. Qc2 Bxf4 18. gxf4 f5 19. b3 Nf6 20. e5 dxe5 21. fxe5 Nh5 22. Qf2 Nd7 23. d4 f4 24. Bxf4 Rf8 25. Qe3 Nxf4 26. Rxf4 Rxf4 27. Qxf4 Rf8 28. Qe3 Nb6 29. d5 Bf5 30. d6 Qd8 31. c5 Nc8 32. Ne4 Kg7 33. Nc3 Re8 34. Ne2 Qd7 35. Nd4 Be6 36. Rd1 h6 37. Qf4 Rf8 38. Nxe6+ Qxe6 39. Qxf8+ Kxf8 40. d7 Ne7 41. Rf1+ Nf5 42. d8=Q+ Kg7 43. Qc7+ Ne7 44. Rf6 1-0

[Event "Portuguese-ch U14-20 2022"]
[Site "Fatima"]
[Date "2022.04.11"]
[Round "3.18"]
[White "Duque, Raquel Dos Santos"]
[Black "Gomes, Guilherme Rodrigues"]
[Result "1-0"]
[ECO "A10"]
[WhiteElo "1510"]
[BlackElo "1899"]
[Annotator "NA RC"]
[PlyCount "67"]
[EventDate "2022.04.10"]
[EventType "swiss"]
[EventCountry "POR"]
[SourceTitle "playchess.com"]
[Source "ChessBase"]
[SourceQuality "1"]
[TimeControl "5400+30"]

1. c4 Nc6 2. Nc3 e5 3. g3 Bc5 4. Bg2 Nf6 5. e3 O-O 6. Nge2 Ng4 7. O-O f5 8. a3 e4 9. b4 Be7 10. d4 Bf6 11. Bb2 d6 12. Nf4 Ne7 13. Rb1 b6 14. Qe2 a5 15. b5 Bb7 $2 (15... Bg5 $16 {keeps fighting.}) 16. Ne6 Qe8 17. Nxf8 Qxf8 18. Nxe4 Re8 19. Nxf6+ gxf6 20. Bxb7 Kh8 21. h3 Nh6 22. Rfc1 Rb8 23. Bg2 d5 24. cxd5 Qd8 25. Qc4 Qd6 26. Qxc7 Qxc7 27. Rxc7 Nhg8 28. d6 Re8 29. dxe7 Nxe7 30. d5 Nc8 31. d6 Nxd6 32. Bxf6+ Kg8 33. Bd5+ Kf8 34. Bg7# 1-0